Cogmind - Beta 13 @@@ ROGUE MODE // 2024.06.05 @ 17:01:28 Player: Kat Result: Self-destructed Performance ------------- Evolutions (2) 1000 Regions Visited (3) 600 Robots Destroyed (32) 160 Value Destroyed (648) 648 Prototype IDs (1) 20 Alien Tech Used (0) 0 Bonus (0) 0 TOTAL SCORE: 2428 Bonus ------- None Cogmind --------- Core Integrity 482/550 Matter 238/300 Energy 108/140 System Corruption 0% Temperature Cool (0) Movement Walking (180) Ox1 Location -8/Materials Parts ------- > --- POWER (1) -------- Light Deuterium Engine > --- PROPULSION (4) --- VSS Leg VSS Leg VSS Leg VSS Leg > --- UTILITY (4) ------ Sensor Array Transmission Jammer Utility Shielding > --- WEAPON (2) ------- Assault Cannon Flak Cannon > --- INVENTORY (5) ---- VSS Leg Improved Cooling System Improved Cooling System Transmission Jammer Peak State ------------ > --- POWER ------------ Light Deuterium Engine > --- PROPULSION ------- VSS Leg VSS Leg VSS Leg VSS Leg > --- UTILITY ---------- Sensor Array Improved Signal Interpreter Transmission Jammer Utility Shielding > --- WEAPON ----------- Proton Missile Launcher Proton Missile Launcher > --- INVENTORY -------- VSS Leg Improved Cooling System Improved Cooling System Transmission Jammer Assault Cannon [Rating: 33] Favorites ----------- Power Ion Engine Engine Ion Engine Propulsion Wheel Leg VSS Leg Wheel Wheel Utility Medium Storage Unit Device Weight Redist. System Storage Medium Storage Unit Processor Improved Signal Interpreter Hackware Hacking Suite Protection Utility Shielding Weapon Autogun Energy Gun EM Pulse Gun Energy Cannon Light EM Pulse Cannon Ballistic Gun Autogun Ballistic Cannon Assault Cannon Launcher Grenade Launcher Special Weapon Multitool Build | -11 -10 -10 -8 ------- Run | Yrd Mat Sub Mat Slots Evolved 4 | . . . 4 Power . | . . . . Propulsion 2 | . . . 2 Utility 2 | . . . 2 Weapon . | . . . . Parts Attached 57 | 8 12 15 22 Power 3 | 1 1 . 1 Engine 3 | 1 1 . 1 Core . | . . . . Reactor . | . . . . Propulsion 14 | 3 4 2 5 Treads . | . . . . Leg 6 | . . 2 4 Wheel 8 | 3 4 . 1 Hover . | . . . . Flight . | . . . . Utility 12 | 2 3 3 4 Device 6 | 1 2 1 2 Storage 2 | 1 1 . . Processor 1 | . . . 1 Hackware 1 | . . 1 . Protection 2 | . . 1 1 Artifact . | . . . . Weapon 28 | 2 4 10 12 Energy Gun 6 | 2 2 1 1 Energy Cannon 1 | . . 1 . Ballistic Gun 11 | . 2 4 5 Ballistic Cannon 4 | . . . 4 Launcher 5 | . . 3 2 Special Weapon 1 | . . 1 . Impact Weapon . | . . . . Slashing Weapon . | . . . . Piercing Weapon . | . . . . Special Melee Weapon . | . . . . Unidentified Prototypes 1 | . . . 1 Parts Lost 11 | . . 9 2 Power 1 | . . 1 . Propulsion 3 | . . 3 . Utility 2 | . . 1 1 Weapon 5 | . . 4 1 Highest Loss Streak 3 | . . 3 2 To Critical Strikes . | . . . . Average Slot Usage (%) 89 | . 99 77 87 Engine 10 | . 14 9 6 Leg 9 | . . 3 33 Wheel 17 | . 28 16 . Device 12 | . 14 9 15 Storage 9 | . 14 10 . Processor 1 | . . . 4 Protection 2 | . . 2 9 Energy Gun 4 | . 8 . . Ballistic Gun 16 | . 19 13 13 Launcher 2 | . . 6 1 Naked Turns 39 | . . 39 . Heaviest Build 28 | 15 22 28 22 Greatest Support 48 | 20 26 26 48 Greatest Overweight (x) 7 | 1 1 7 2 Average Overweight (x) . | . . . . Largest Inventory Capacity 10 | 8 10 10 5 Average Capacity 8 | 7 9 8 5 Most Carried 10 | 6 10 10 5 Average Carried 7 | 3 9 8 4 Final Capacity 10 | 8 10 5 5 Final Carried 10 | 6 10 2 4 Class Distribution -------------------- 100% | Mutant Dominant Class ---------------- Mutant | -10/Materials Mutant | -10/Subcaves Mutant | -8/Materials Resources | -11 -10 -10 -8 ----------- Run | Yrd Mat Sub Mat Matter Collected 1122 | 280 280 329 233 Remotely . | . . . . Salvage Created 980 | 144 351 253 232 Parts 78 | 14 37 12 15 Haulers Intercepted 2 | . 2 . . Recyclers Shooed 3 | . . . 3 Parts Field Recycled . | . . . . Retrieved Matter . | . . . . Parts Self-Destructed 9 | . . 9 . Prevented . | . . . . Kills | -11 -10 -10 -8 ------- Run | Yrd Mat Sub Mat Combat Hostiles Destroyed 19 | . 9 6 4 Guns 14 | . 9 5 . Cannons 1 | . . . 1 AOE 4 | . . 1 3 Classes Destroyed 11 | 2 5 2 2 Worker 1 | . 1 . . Tunneler 4 | 4 . . . Hauler 2 | . 2 . . Recycler 1 | 1 . . . Operator 1 | . 1 . . Watcher 4 | . 3 . 1 Swarmer 9 | . 9 . . Grunt 3 | . . 1 2 Duelist 1 | . . . 1 Sentry 1 | . . . 1 Subdweller 5 | . . 5 . Best Kill Streak 5 | 5 3 2 2 Combat Bots Only 3 | . 3 2 2 Max Kills in Single Turn 2 | 1 2 1 2 Gunslinging 1 | . 1 . . Exploded 2 | . . 1 2 Melee . | . . . . Uniques/NPCs Destroyed . | . . . . Combat | -11 -10 -10 -8 -------- Run | Yrd Mat Sub Mat Hostile Shots Fired 155 | . 38 89 28 Missed 53 | . 11 32 10 Damage Taken 1594 | . 215 1080 299 Core 305 | . 24 213 68 Absorbed by Shields . | . . . . Redirected to Shielding 10 | . . . 10 Ignored by Resistances 76 | . . 76 . Core Remaining (%) 52 | 100 . 5 . Volleys Fired 91 | 10 32 38 11 Largest 2 | 2 2 2 2 Hottest 88 | 80 80 86 88 Shots Fired 158 | 20 65 54 19 Gun 137 | 20 65 42 10 Cannon 10 | . . 6 4 Launcher 9 | . . 4 5 Special 2 | . . 2 . Kinetic 89 | . 43 32 14 Thermal 12 | . . 12 . Explosive 4 | . . 4 . Electromagnetic 53 | 20 22 6 5 Robot Hit Streak 23 | 7 6 22 23 Robot Miss Streak 4 | 3 4 1 2 Penetration Max . | . . . . Secondary Targets 1 | . 1 . . Max Gunslinging Chain 1 | . 1 . . Shots Hit Robots 99 | 12 33 42 12 Core Hits 42 | 5 17 9 11 Critical Kills . | . . . . Critical Parts Destroyed 1 | . 1 . . Critical Strikes 3 | . 2 1 . Burn 1 | . . 1 . Destroy 1 | . 1 . . Corrupt 1 | . 1 . . Melee Attacks . | . . . . Impact . | . . . . Slashing . | . . . . Piercing . | . . . . Sneak Attacks . | . . . . Combat Hostiles . | . . . . Follow-up Attacks . | . . . . Damage Inflicted 1946 | 235 554 741 416 Guns 1274 | 155 553 496 70 Cannons 203 | . . 114 89 Explosions 468 | 80 . 131 257 Melee . | . . . . Ramming 1 | . 1 . . Kinetic 959 | . 407 393 159 Thermal 183 | 80 . 103 . Explosive 131 | . . 131 . Electromagnetic 672 | 155 146 114 257 Impact . | . . . . Slashing . | . . . . Piercing . | . . . . Highest Corruption 1 | . 1 1 . Average Corruption 1 | . 1 1 . Corruption Purged . | . . . . Corruption Blocked . | . . . . Effects 16 | . 9 7 . Message Errors 4 | . 2 2 . Matter Fused 3 | . . 3 . Heat Flow Errors 2 | . 1 1 . Energy Discharges 1 | . . 1 . Data Loss (minor) 3 | . 3 . . Data Loss (major) 2 | . 2 . . Misfires 1 | . 1 . . Overload Shots . | . . . . Overflow Damage 17 | 11 . . 6 Projectiles 6 | . . . 6 Explosions 11 | 11 . . . Melee . | . . . . Knockbacks . | . . . . Impact . | . . . . Kinetic . | . . . . Secondary . | . . . . Self-Inflicted Damage 39 | . . 13 26 Shots 4 | . . 1 3 Rammed 1 | . 1 . . Targets Rammed 1 | . 1 . . Kicked . | . . . . Crushed . | . . . . Highest Temperature 240 | 72 240 185 33 Average Temperature 36 | 29 39 95 12 Received Heat Transfer 294 | . . 132 162 Siege Activations . | . . . . Robots Corrupted . | . . . . Combat Hostiles . | . . . . Parts Fried 1 | . . . 1 Impact Corruptions . | . . . . Robots Melted . | . . . . Combat Hostiles . | . . . . Parts Melted . | . . . . Heat Transferred 396 | 100 . 296 . Parts Sabotaged . | . . . . Parts Stolen . | . . . . Parts Stripped . | . . . . Power Chain Reactions 3 | 2 . . 1 Alert | -11 -10 -10 -8 ------- Run | Yrd Mat Sub Mat Peak Influence 179 | 25 179 . 126 Initial 16 | . 16 . . Average 54 | 12 80 . 14 Maximum Alert Level . | . . . . Low Security (%) 100 | 100 100 . 100 Level 1 . | . . . . Level 2 . | . . . . Level 3 . | . . . . Level 4 . | . . . . Level 5 . | . . . . High Security . | . . . . Max Security . | . . . . Squads Dispatched 1 | . 1 . . Investigation . | . . . . Extermination . | . . . . Reinforcement 1 | . 1 . . Assault . | . . . . Garrison . | . . . . Intercept . | . . . . Searches Triggered . | . . . . Construction Impeded . | . . . . Haulers Reinforced . | . . . . Active Scanning Responses . | . . . . Cargo Convoy Interrupts . | . . . . Stealth | -11 -10 -10 -8 --------- Run | Yrd Mat Sub Mat Distress Signals 2 | . 2 . . Communications Jammed 2 | . . . 2 Distress Signals 2 | . . . 2 Times Spotted 32 | . 15 13 4 Peak Tracking Total 3 | . 3 3 3 Tactical Retreats 3 | . . 3 . Traps | -11 -10 -10 -8 ------- Run | Yrd Mat Sub Mat Traps Triggered . | . . . . Indirectly . | . . . . Trap Hack Attempts . | . . . . Triggered . | . . . . Disarmed . | . . . . Reprogrammed . | . . . . Reused . | . . . . Traps Extracted . | . . . . Installed . | . . . . Triggered . | . . . . Machines | -11 -10 -10 -8 ---------- Run | Yrd Mat Sub Mat Machines Disabled 1 | . . . 1 Max in Single Turn 1 | . . . 1 Machines Repaired . | . . . . Machines Dismantled . | . . . . Machines Sabotaged . | . . . . Overloaded Fab Kills . | . . . . Hacking | -11 -10 -10 -8 --------- Run | Yrd Mat Sub Mat Machines Accessed 11 | . 9 1 1 Terminals 9 | . 8 . 1 Fabricators . | . . . . Repair Stations 1 | . 1 . . Recycling Units . | . . . . Scanalyzers . | . . . . Garrison Access . | . . . . Total Hacks 41 | . 31 4 6 Successful 25 | . 18 4 3 Failed 16 | . 13 . 3 Catastrophic 2 | . 1 . 1 Database Lockouts . | . . . . Manual 35 | . 28 1 6 Terminals 34 | . 28 . 6 Fabricators . | . . . . Repair Stations 3 | . 3 . . Recycling Units . | . . . . Scanalyzers . | . . . . Garrison Access . | . . . . Terminal Hacks 8 | . 3 4 1 Record 4 | . . 4 . Terminal Index 2 | . 2 . . Locate Traps 1 | . . . 1 Recall Reinforcements 1 | . 1 . . Fabricator Hacks . | . . . . Repair Station Hacks 1 | . 1 . . Scan Component 1 | . 1 . . Recycling Unit Hacks . | . . . . Scanalyzer . | . . . . Garrison Access Hacks . | . . . . Unauthorized Hacks 16 | . 14 . 2 Terminals 16 | . 14 . 2 Assimilate 5 | . 5 . . Botnet 8 | . 7 . 1 Detonate 1 | . 1 . . Operators 2 | . 1 . 1 Fabricators . | . . . . Repair Stations . | . . . . Recycling Units . | . . . . Scanalyzers . | . . . . Garrison Access . | . . . . Data Cores Recovered 1 | . 1 . . Used . | . . . . Hacking Detections 8 | . 7 . 1 Full Trace Events 2 | . 2 . . Feedback Events 1 | . 1 . . Corruption 1 | . 1 . . Feedback Blocked . | . . . . Robot Schematics Acquired . | . . . . Robots Built . | . . . . Authchips . | . . . . Time . | . . . . Total Robot Build Rating . | . . . . Part Schematics Acquired . | . . . . Parts Built . | . . . . Authchips . | . . . . Time . | . . . . Total Part Build Rating . | . . . . Parts Repaired . | . . . . Time . | . . . . Parts Recycled . | . . . . Recycled Matter . | . . . . Retrieved Matter . | . . . . Retrieved Components . | . . . . Parts Scanalyzed . | . . . . Part Schematics Acquired . | . . . . Parts Damaged . | . . . . Bothacking | -11 -10 -10 -8 ------------ Run | Yrd Mat Sub Mat Used RIF Installer . | . . . . Robots Hacked . | . . . . Non-combat . | . . . . Combat . | . . . . Robot Hacks Applied . | . . . . Relay Couplers Released . | . . . . Fabnet Peak Effective % . | . . . . Robots Rewired . | . . . . Allies Hacked . | . . . . Hacks Repelled . | . . . . Allies | -11 -10 -10 -8 -------- Run | Yrd Mat Sub Mat Total Allies 1 | . 1 . . Largest Group 1 | . 1 1 . Highest-Rated Group 10 | . 10 10 . Highest-Rated Ally 10 | . 10 10 . Total Orders 2 | . . 2 . STAY 1 | . . 1 . FOLLOW 1 | . . 1 . Ally Attacks . | . . . . Total Damage . | . . . . Kills . | . . . . Allies Corrupted . | . . . . Allies Melted . | . . . . Intel | -11 -10 -10 -8 ------- Run | Yrd Mat Sub Mat Robot Analysis Total . | . . . . Derelict Logs Recovered 2 | . . 2 . Drone Launches . | . . . . Drone Recoveries . | . . . . Exploration | -11 -10 -10 -8 ------------- Run | Yrd Mat Sub Mat Turns Passed 3211 | 126 1360 978 747 Spaces Moved 2358 | 97 979 920 362 Core 325 | 5 . 319 1 Treads . | . . . . Legs 364 | . . 55 309 Wheels 1669 | 92 979 546 52 Hover . | . . . . Flight . | . . . . Fastest Speed 50 | 50 80 50 80 Average Speed 91 | 82 83 82 139 Slowest Speed 400 | 95 95 400 180 Overloaded Moves . | . . . . Propulsion Burnouts . | . . . . Robots Hopped . | . . . . Cave-ins Triggered . | . . . . Exploration Rate (%) 44 | 4 99 54 19 Regions Visited 3 Branch Regions 1 Pre-discovered Areas 1 | . . 1 . Known Exits Taken . | . . . . Unknown Exits Taken 3 | 1 1 1 . Scrap Searched . | . . . . Spaces Dug . | . . . . Terrain Destroyed 18 | 5 . 8 5 Melee . | . . . . Projectile . | . . . . AOE 18 | 5 . 8 5 Terrain Rammed . | . . . . Walls Destroyed . | . . . . Machines Disabled . | . . . . Actions | -11 -10 -10 -8 --------- Run | Yrd Mat Sub Mat Total 3258 | 119 1466 1092 581 Wait 702 | . 415 117 170 Move 2355 | 96 978 919 362 Hop . | . . . . Pick Up 26 | 5 12 1 8 Fast Attach 23 | 7 2 4 10 Attach 12 | . 2 6 4 Detach 4 | . 3 . 1 Swap 22 | 1 8 5 8 Drop 22 | . 13 2 7 Fire 91 | 10 32 38 11 Melee . | . . . . Ram 1 | . 1 . . Kick . | . . . . Crush . | . . . . Escape Stasis . | . . . . Rewire . | . . . . Trap . | . . . . Miscellaneous . | . . . . Route ------- -11/Scrapyard -10/Materials (discovered 6 exits: [*Mat x3] / [*Min x2] / *Sub) -10/Subcaves -8/Materials History --------- Turn | Location | Event 17 | -11/Scrapyard | Discovered new exit (range 15) 127 | -11/Scrapyard | Entered Materials 318 | -10/Materials | Build established: Mutant 440 | -10/Materials | Discovered new exit (range 8) 695 | -10/Materials | Discovered new exit (range 5) 808 | -10/Materials | Discovered new exit (range 14) 928 | -10/Materials | Discovered new exit (range 15) 1067 | -10/Materials | Discovered new exit (range 15) 1477 | -10/Materials | Discovered new exit (range 8) 1487 | -10/Materials | Entered Subcaves 1487 | -10/Subcaves | Accompanied by 1 ally 1488 | -10/Subcaves | Learned Materials security intel 1541 | -10/Subcaves | Visited Clippyterm 1634 | -10/Subcaves | A swath of the cavern ceiling suddenly collapsed 1871 | -10/Subcaves | Learned location of Zion (-6) 1871 | -10/Subcaves | Met a Zionite searching for "candidates" 1985 | -10/Subcaves | Learned Materials stockpile data 2039 | -10/Subcaves | Shifting Twisted Machinery released Mak. Laser 2042 | -10/Subcaves | Shifting Twisted Machinery released Mak. Kinetic Plating 2075 | -10/Subcaves | Core integrity fell below 50% 2210 | -10/Subcaves | Released all parts (4) 2236 | -10/Subcaves | Lost 3 parts (1p2n) 2240 | -10/Subcaves | A swath of the cavern ceiling suddenly collapsed 2316 | -10/Subcaves | Core integrity fell below 20% 2452 | -10/Subcaves | Discovered new exit (range 10) 2465 | -10/Subcaves | Entered Materials 2465 | -8/Materials | Evolved 4 slots: Propulsion x2, Utility x2 3212 | -8/Materials | Self-destructed Last Messages --------------- Trojan loaded successfully. Testing... Operator tracking enabled and active. >>Trojan(Botnet) Trojan loaded successfully. Testing... Terminal linked with 0 systems. Awaiting botnet instructions. >>Traps(Locate) Found 1 trap in 1 array: 1x Blade Trap Map updated. 03174_ K-01 Serf collects debris. 03180_ Destroyed Lgt. Ion Engine. 03180_ R-06 Scavenger distress signal jammed. 03183_ Y-45 Defender destroyed. 03185_ U-05 Engineer builds a Door. 03207_ Acquired Prototype Energy Gun. 03208_ Identified Imp. Medium Laser. 03211_ Dropped Imp. Medium Laser. Map ----- +----------------------------------------------------+ | ?????????????????????????????????????????????????? | | ?????????????????????????????????????????????????? | | ?????????????????????????????????????????????????? | | ?????????????????????????????????????????????????? | | ?????????????????????????????????????????????????? | | ?????????????????????????????????????????????????? | | ?????????????????????????????????????????????????? | | ?????????????????????????????????????????????????? | | ?????????????????????????????????????????????????? | | ?????????????????????????????????????????????????? | | ?????????????????????????????????????????????????? | | ?????????????????????????????????????????????????? | | ???????????????????????????????????????????????+?? | | ??????????????????????????????????????????????? ?? | | ??????????????????????????????????????????????? ?? | | ??????????????????????????????????????????????? ?? | | ??????????????????????????????????????????????? ?? | | ???????????????????????????????????????######?# ?? | | ???????????????????????????????????"???# #?# ?? | | ?????????????????????????????????^?"???# T #?# #? | | ??????????????????????????????????? ??# #?# #? | | ???????????????????????????????????#+#?# #?# #? | | ???????????????????????????????????# #?# #?# #? | | ????????????????????????############ #?# #?# #? | | ????????????????????????# """"" ## #?# !#?# #? | | ????????????????????????#@ ""T"" ## #?# #?# ## | | ????????????????????????# ## #?# ! ### | | ????????????????????????# !! ## ###+###### | | ????????????????????????# !! # % | | ????????????????????????# !! ! # % | | ????????????????????????# + | | ????????????????????????# # ##+###### | | ????????????????????????########### ## = ]# ## | | ?????????????????????????# #?# # # #? | | ?????????????????????????# ] ### %# = # #? | | ?????????????????????????# %[ # # #? | | ?????????????????????????# ### % # # #? | | ?????????????????????????# #?# # # #? | | ?????????????????????????### ###?############## #? | | ???????????????????????????# #??????????####### #? | | ???????????????????????##### #??????????# # #? | | ???????????????????????#!! #??????????# # #? | | ???????????????????????#!! #??????????# =# #? | | ???????????????????????# ############ ! # #? | | ???????????????????????#!! # ## # #? | | ???????????????????????#! # """ """ ## # #? | | ???????????????????????#! # """ """ ## # #? | | ????????????????????######## + """ """ ## #+## | | ????????????????????# # # ## %# | | ????????????????????# """ # # ## # | +----------------------------------------------------+ Best States ------------- Heat Dissipation 31 Energy Generation 14 Energy Capacity 250 Matter Stores 300 Matter Capacity 300 Sight Range 16 Robot Scan Range 14 Terrain Scan Range 16 Terrain Scan Density 10 Jamming Range 12 Additional Mass Support 6 Armor Coverage 100 Resistance: KI 10 Utility Shielding 33 Evasion (%) 57 Offensive Hacking 10 Item Schematics ----------------- None Robot Schematics ------------------ None Fabricated ------------ Nothing Alien Tech Used ----------------- None Achievements -------------- None Challenges ------------ None Game ------ Seed SapperWeightDesublimator Manual? 0 Play Time 00:38:08 Cumulative 25.2 hours Start 2024.06.05 @ 16:16:07 End 2024.06.05 @ 17:01:28 Sessions 1 Manual Loads 0 Difficulty Rogue Special Mode None Game No. 56 Rogue 56 Adventurer 0 Explorer 0 Win Type - Total 0 Types 0/0/0/0/0/0/0/0/0 Lore% 20 Gallery% 23 Achievement% 21 Wizard Run 0 Options --------- Layout 0 ASCII 0 Keyboard 0 Movement Mouse Keybinds 0 Fullscreen 2 Font 18/Terminus Map View 76x50 Zoom Use 0% Tactical HUD 1 Map Filters NONE Filters NONE Steam 1 RUN: 4150cb51-019f-4eca-aaa6-7fc58d5f8567